 Dungeon Crawl Stone Soup version 0.26.0-10-g1f06aea511 (webtiles) character file.

Game seed: 6301211717452627046

32 Borgoz the Slasher (level 3, -4/30 HPs)
             Began as a Ghoul Gladiator on Jan 18, 2021.
             Slain by an ice beast (6 damage)
             ... on level 3 of the Dungeon.
             The game lasted 00:01:31 (2119 turns).

Borgoz the Slasher (Ghoul Gladiator)                Turns: 2119, Time: 00:01:31

Health: -4/30      AC:  4    Str: 17    XL:     3   Next: 25%
Magic:  2/2        EV: 12    Int:  3    God:
Gold:   133        SH:  0    Dex: 11    Spells: 2/2 levels left

rFire    . . .     SeeInvis .   a - +0 long sword
rCold    + . .     Faith    .   (no shield)
rNeg     + + +     Spirit   .   b - +0 leather armour
rPois    ∞         Reflect  .   c - +0 helmet
rElec    .         Harm     .   (no cloak)
rCorr    .         Rampage  .   (no gloves)
Will     .....                  (no boots)
Stlth    +.........             (no amulet)
HPRegen  0.00/turn              (no ring)
MPRegen  0.08/turn              (no ring)

@: no status effects
A: claws 1, cold resistance 1, negative energy resistance 3, inhibited
regeneration, torment resistance, unbreathing
a: no special abilities


You were on level 3 of the Dungeon.
You visited 1 branch of the dungeon, and saw 3 of its levels.

You collected 133 gold pieces.

Inventory:

Hand Weapons
 a - a +0 long sword (weapon)
Armour
 b - a +0 leather armour (worn)
 c - a +0 helmet (worn)
Jewellery
 n - a cursed ring of teleportation {unknown}
 s - an uncursed ring of resist corrosion {unknown}
Wands
 q - a wand of iceblast (7)
Scrolls
 e - 2 scrolls of remove curse
 f - a scroll of blinking {unknown}
 h - 2 scrolls of identify {unknown}
 j - a scroll of teleportation {unknown}
 l - a scroll of noise {unknown}
 m - 2 scrolls of amnesia {unknown}
 r - a scroll of enchant armour {unknown}
Potions
 i - a potion of curing {unknown}
 k - a potion of haste {unknown}
 o - a potion of resistance {unknown}
 t - 2 potions of degeneration {unknown}


   Skills:
 + Level 2.5 Fighting
 * Level 3.1 Long Blades
 - Level 1.7 Throwing
 * Level 1.2 Armour
 + Level 2.9 Dodging


You had 2 spell levels left.
You didn't know any spells.
Your spell library was empty.

Dungeon Overview and Level Annotations

Branches:
Dungeon (3/15)

Altars:

Annotations:
D:3 Sigmund


Innate Abilities, Weirdness & Mutations

You thrive by killing the living.
You are immune to poison.
You have sharp fingernails.
Your flesh is cold resistant. (rC+)
You are immune to negative energy. (rN+++)
You do not regenerate when monsters are visible.
You are immune to unholy pain and torment.
You can survive without breathing.


Message History

* * * LOW HITPOINT WARNING * * *
The ice beast freezes you. You resist.
* * * LOW HITPOINT WARNING * * *
The ice beast closely misses you.
Throw: throwing net
Press: ? - help, Q - select action, (/) - cycle Shift-Dir - straight line, f/p - ice beast
Aim: an ice beast (almost dead)
You throw a throwing net.
The throwing net closely misses the ice beast.
The ice beast misses you.
You riposte.
You barely miss the ice beast.
The ice beast is almost dead.
Unknown command.
It was a potion of magic.
Magic courses through your body. The ice beast barely misses you.
You riposte.
You barely miss the ice beast.
The ice beast is almost dead.
It was a potion of lignification.
You feel woody for a moment. The ice beast hits you.
* * * LOW HITPOINT WARNING * * *
The ice beast freezes you. You resist.
You die...

#############.#
.........@Y..(#
.#####.###......
#.# ..... #.##
.... #..# ...
#######.## #+
.......<.#
########.# ..#


You could see an ice beast.

Vanquished Creatures
  An ooze (D:2)
  A dart slug (D:1)
  3 giant cockroaches
  A goblin (D:2)
  2 hobgoblins (D:2)
  3 jackals (D:1)
  5 bats
  2 frilled lizards
  4 kobolds
  5 rats
27 creatures vanquished.

Notes
Turn   | Place    | Note
-------+----------+-------------------------------------------
     0 | D:1      | Borgoz the Ghoul Gladiator began the quest for the Orb.
     0 | D:1      | Reached XP level 1. HP: 17/17 MP: 0/0
   688 | D:1      | Reached XP level 2. HP: 24/24 MP: 1/1
  1093 | D:1      | Reached skill level 3 in Long Blades
  1351 | D:2      | Reached skill level 1 in Armour
  1545 | D:2      | Reached XP level 3. HP: 30/30 MP: 2/2
  2004 | D:3      | Noticed Sigmund
  2103 | D:3      | Noticed an ice beast
  2119 | D:3      | Slain by an ice beast

Illustrated notes

Levels and vault maps discovered:
D:1:      heliophobic_arrival_dark_side_of_the_moon, layout_basic,
          minmay_door_square
D:2:      layout_loops_corners
D:3:      layout_basic, uniq_sigmund, uniq_grinder

Skill      XL: |  1  2 |
---------------+-------+-----
Long Blades    | 3 |  3.1
Armour         | 1 |  1.2
Fighting       | |  2.5
Throwing       | |  1.7
Dodging        | |  2.9

Action                   || total
-------------------------++-------
Melee: Long sword        ||    88
Throw: Throwing net      ||     3
  Use: Scroll            ||     1
       Potion            ||     2
 Stab: Held in net/web   ||     1
Armor: Leather armour    ||    43
Dodge: Dodged            ||    68
       Rpst.: Long sword ||    26
